greben, lawful female dwarven Valkyrie ----- --------- ----- |...| |....>..| #....*############# ##....| #........| #|...|## --------# # |...| ###--------- #|...|####-.......##### |...| # #-----##[ |......|####`#.....## # ### # |......| ---|- --------- # # ##.......|# ## |.......| # ### --------# # |........# # # ### # |.......|# -----### ########### --------- ---------### |..<+# ### -|--.- |.......| @ |...|########################`|....| ##......^.| #f-.(..# ###|..^.| # |.......| ----- #+`[^..### --------- ------ greben the Skirmisher Experience level: 5 Strength: 18 Dexterity: 13 Constitution: 19 Intelligence: 9 Wisdom: 9 Charisma: 9 Health: 0(64) Energy: 10(10) Def: 4 Gold: 497 Moves: 4294 Dungeon seed: DshDXXne3_F8Sbvz Game ID: greben_1464187727 Your Inventory: Coins $ - 497 gold pieces Weapons a - an uncursed thoroughly rusty +1 long sword (weapon in hand) b - a blessed +0 dagger f - an uncursed +0 ranseur u - a cursed -1 elven dagger A - 2 uncursed +0 arrows B - an uncursed +0 dart K - 7 cursed -1 darts (in quiver) Armor e - an uncursed +3 small shield (being worn) n - an uncursed +0 elven leather helm r - an uncursed +0 dwarvish cloak y - an uncursed +0 orcish helm Comestibles j - 2 uncursed lembas wafers k - an uncursed eucalyptus leaf m - an uncursed lichen corpse p - an uncursed partly eaten cram ration D - an uncursed tin of garter snake meat H - an uncursed slime mold Scrolls g - a blessed scroll of identify h - an uncursed scroll of identify l - 2 blessed scrolls of blank paper o - an uncursed scroll of blank paper s - an uncursed scroll of gold detection t - an uncursed scroll of earth x - an uncursed scroll of teleportation G - an uncursed scroll of confuse monster N - a cursed scroll of fire O - a cursed scroll of stinking cloud R - a cursed scroll of confuse monster S - a cursed scroll of identify T - a cursed scroll of create monster U - a cursed scroll of earth Potions w - an uncursed potion of levitation z - an uncursed potion of healing E - an uncursed potion of invisibility I - an uncursed potion of paralysis L - an uncursed potion of hallucination M - a cursed potion of gain ability V - a cursed potion of paralysis W - a potion of unholy water X - a cursed potion of restore ability Rings v - an uncursed ring of see invisible P - a cursed ring of warning Q - a cursed ring of conflict Y - a cursed ring of invisibility Z - a cursed +1 ring of protection Wands c - a cursed wand of digging (0:4) Tools d - an uncursed oil lamp (0:1231) i - an uncursed blindfold J - an uncursed blindfold Gems q - 2 uncursed worthless pieces of yellow glass Spells and supernatural/magical abilities: Name Level Category Fail Memory W - pray for help -- divine ? -- Your skills at the end: Fighting Skills Weapon Skills dagger [Basic] long sword [Basic] Spellcasting Skills Final Attributes: You were piously aligned. You were cold resistant. You were telepathic. You had infravision. You were stealthy. You are dead. Vanquished creatures: a dog a rock piercer a pony a guardian naga hatchling a paper golem 4 giant ants 3 little dogs a floating eye a homunculus 3 rothes a rabid rat a wererat 2 iguanas 3 acid blobs 2 coyotes a hobbit 5 manes 2 hobgoblins a giant rat a brown mold a yellow mold a gecko 7 jackals a fox a kobold a goblin 2 sewer rats 5 grid bugs 3 lichens a kobold zombie 7 newts 66 creatures vanquished. Voluntary challenges: You had been an atheist until turn 2991. You used a wielded weapon 65 times, starting on turn 8. You were illiterate. You never genocided any monsters. You never polymorphed an object. You changed form 1 time, starting on turn 2173. You used no wishes. You never split a pudding. You never wrote Elbereth's name. You violated your moral code, losing 19 points of alignment, starting on turn 1230. Dungeon overview: The Dungeons of Doom: levels 1 to 8 Level 1 a fountain a long staircase Level 2 a general store stairs to The Gnomish Mines Level 3 Level 4 a scroll shop Level 5 Level 6 many fountains Level 7 a long staircase Level 8 <- You were here The Gnomish Mines: Level 3 stairs to The Dungeons of Doom History has recorded: On T:1 you entered the Dungeons of Doom to retrieve the Amulet of Yendor! On T:53 you reached level 2 of The Dungeons of Doom. On T:538 you reached level 3 of The Dungeons of Doom. On T:1043 you advanced to experience level 2. On T:1116 you reached level 1 of The Gnomish Mines. On T:1230 you advanced to experience level 3. On T:1320 you reached level 4 of The Dungeons of Doom. On T:2157 you advanced to experience level 4. On T:2351 you reached level 5 of The Dungeons of Doom. On T:2746 you reached level 6 of The Dungeons of Doom. On T:3203 you advanced to experience level 5. On T:3378 you reached level 7 of The Dungeons of Doom. On T:3956 you reached level 8 of The Dungeons of Doom. Score breakdown: Gold: 497 ( 9175 points) Experience: 5 levels (11141 points) Exploration: 8 levels ( 15.69%) (11224 points) Discoveries: 1 item ( 0.41%) ( 1916 points) Valuables value: (no points given unless you survive) Artifact value: 0 ( 0 points) Variety of kills: 31 monsters ( 8.14%) ( 8557 points) Turncount: 4294 turns (-1129 points) Survival: died (score multiplied by 80%) Total score: 32707 Latest messages: The housecat bites! You die... Final status: Farvel greben the Valkyrie, killed by a housecat... You died in The Dungeons of Doom on dungeon level 8 with 32707 points, and 497 pieces of gold, after 4294 moves. You were level 5 with a maximum of 64 hit points when you died.